 Dungeon Crawl Stone Soup version 0.31-a0-210-gccc998df9b (webtiles) character file.

Game seed: 15208897454822015777

58 Edyrem the Shooter (level 3, 0/31 HPs)
             Began as a Draconian Hunter on July 1, 2023.
             Slain by an orc
             ... wielding a +0 trident of flaming
              (2 damage)
             ... on level 3 of the Dungeon.
             The game lasted 00:03:38 (1679 turns).

Edyrem the Shooter (Draconian Hunter)               Turns: 1679, Time: 00:03:38

Health: 0/31       AC:  5    Str: 13    XL:     3   Next: 76%
Magic:  0/3        EV: 12    Int:  9    God:
Gold:   82         SH:  0    Dex: 16    Spells: 2/2 levels left

rFire   . . .        a - +2 shortbow
rCold   . . .        (shield currently unavailable)
rNeg    . . .        (body armour unavailable)
rPois   .            (helmet restricted)
rElec   .            (no cloak)
rCorr   .            (no gloves)
SInv    .            (no boots)
Will    .....        i - amulet of guardian spirit
Stlth   ++           (no ring)
HPRegen 0.25/turn    (no ring)
MPRegen 0.08/turn

%: guardian spirit
@: no status effects
A: AC +5, unfitting armour, cold-blooded
a: no special abilities


You were on level 3 of the Dungeon.
You visited 1 branch of the dungeon, and saw 3 of its levels.

You collected 82 gold pieces.

Inventory:

Hand Weapons
 a - a +2 shortbow (weapon)
 b - a +0 dagger
Jewellery
 i - an amulet of guardian spirit (around neck)
Scrolls
 c - a scroll of identify {unknown}
 e - 2 scrolls of teleportation
 f - a scroll of butterflies
 h - a scroll of enchant armour
Potions
 d - a potion of curing {unknown}
 g - a potion of lignification {unknown}


   Skills:
 * Level 3.3 Fighting
 * Level 4.2 Ranged Weapons
 + Level 2.2 Dodging
 - Level 0.8 Stealth


You had 2 spell levels left.
You didn't know any spells.
Your spell library contained the following spells:

 Spells                   Type           Power      Damage    Failure   Level
 Ozocubu's Armour         Ice            0%         N/A       77%         3
 Ozocubu's Refrigeration  Ice            0%         4d7       100%        7


Dungeon Overview and Level Annotations

Branches:
Dungeon (3/15)

Altars:

Shops:
D:1 ?(


Innate Abilities, Weirdness & Mutations

Your plain brown scales are hard. (AC +5)
You cannot fit into any form of body armour.
You are cold-blooded and may be slowed by cold attacks.


Message History

You shoot an arrow.
An orc comes into view. It is wielding a +0 club.
The orc wizard gestures wildly while chanting.
The orc wizard flickers and vanishes!
Deactivating autopickup; reactivate with Ctrl-A.
You shoot an arrow. You shoot an arrow.
You hear some strange, mumbled words.
Something tries to affect you, but you resist.
Something hits you but does no damage. The orc hits you but does no damage.
You shoot an arrow. The orc closely misses you.
You hear some strange, mumbled words.
Something tries to affect you, but you resist.
You shoot an arrow. The orc misses you. Something hits you.
You shoot an arrow.
You feel less confused.
The orc priest mumbles some strange prayers to Beogh against you.
Beogh smites you! Something hits you but does no damage.
The orc hits you from afar with a +0 trident of flaming.
The orc burns you.
* * * LOW HITPOINT WARNING * * *
You are too injured to fight recklessly!
You are too injured to fight recklessly!
You are too injured to fight recklessly!
You are too injured to fight recklessly!
You shoot an arrow. Something hits you but does no damage.
The orc hits you but does no damage.
You shoot an arrow. The arrow barely misses the orc.
The arrow barely misses the orc priest.
The arrow hits the orc.
You kill the orc!
Something hits you but does no damage. The orc closely misses you.
You shoot an arrow. The arrow closely misses the orc.
The arrow hits the orc priest but does no damage.
Something hits you.
* * * LOW HITPOINT WARNING * * *
The orc hits you but does no damage.
The orc hits you from afar with a +0 trident of flaming!
* * * LOW HITPOINT WARNING * * *
The orc burns you.
You die...

#######.## #.#
#.# #.# #.#
#######.####
...........#
.#########
#######.#.##
...ooo{@.#
#.#.#
#.######.#
#.#.# #.# #.#.#
#.#########.#.#
#.............#
###.†.....#.###
#.#####.#.# #.#
#...# #)# #####


You could see an orc priest and 2 orcs.

Vanquished Creatures
  An adder (D:3)
  A worm (D:3)
  An orc (D:3)
  9 ball pythons
  2 endoplasms
  7 hobgoblins
  3 quokkas (D:1)
  2 bats
  5 frilled lizards
  4 goblins
  5 kobolds
  4 rats
44 creatures vanquished.

Notes
Turn   | Place    | Note
-------+----------+-------------------------------------------
     0 | D:1      | Edyrem the Draconian Hunter began the quest for the Orb.
     0 | D:1      | Reached XP level 1. HP: 17/17 MP: 1/1
    46 | D:1      | Found Sisiogux's Antique Weapon Shop.
   122 | D:1      | Reached XP level 2. HP: 25/25 MP: 2/2
   441 | D:1      | Found Uxzuvom's Magic Scroll Boutique.
   728 | D:2      | Reached skill level 4 in Ranged Weapons
  1127 | D:2      | Reached XP level 3. HP: 31/31 MP: 3/3
  1679 | D:3      | Slain by an orc

Illustrated notes

Levels and vault maps discovered:
D:1:      dpeg_arrival_rooms_a, layout_loops_cross, serial_shops,
          nicolae_shop_tiny_real_fake_doors, shop
D:2:      layout_basic
D:3:      layout_basic, minitemple

Skill      XL: |  1  2 |
---------------+-------+-----
Dodging        | 2 |  2.2
Ranged Weapons | 4 |  4.2
Fighting       | 3 |  3.3
Stealth        | |  0.8

Action                     || total
---------------------------++-------
   Fire: Shortbow          ||   127
    Use: Scroll            ||     8
 Armour: Skin              ||    15
  Dodge: Dodged            ||    33

Table legend: (Time is in decaauts)
 A = Elapsed time spent in this place.
 B = Non-inter-level travel time spent in this place.
 C = Inter-level travel time spent in this place.
 D = Time resting spent in this place.
 E = Time spent auto-exploring this place.
 F = Levels seen in this place.
 G = Mean time per level.
                   A        B        C        D        E       F      G
               +--------+--------+--------+--------+--------+-----+--------+
         Total |   1704 |   1664 |     40 |      0 |   1405 |   3 |  568.0 |
       Dungeon |   1704 |   1664 |     40 |      0 |   1405 |   3 |  568.0 |
               +--------+--------+--------+--------+--------+-----+--------+

Top non-repeatable levels by time:
     D:2: 788 daAuts
     D:1: 716 daAuts
     D:3: 198 daAuts
